 Dungeon Crawl Stone Soup version 0.20-a0-850-ge5a7832 (webtiles) character file.

66105 Amciq the Protected (level 14, 0/193 HPs)
             Began as a Minotaur Fighter on Mar 9, 2017.
             Was a Follower of Uskayaw.
             Slain by an orc warrior
             ... wielding a +0 flail
              (9 damage)
             ... while paralysed by an orc sorcerer
             ... on level 2 of the Orcish Mines.
             The game lasted 00:58:31 (16979 turns).

Amciq the Protected (Minotaur Fighter)             Turns: 16979, Time: 00:58:32

Health: 0/193      AC: 27    Str: 29    XL:     14   Next: 78%
Magic:  13/20      EV:  2    Int:  5    God:    Uskayaw [*.....]
Gold:   1583       SH:  0    Dex: 13    Spells: 13/13 levels left

rFire    + . .     SeeInvis .   b - +6 morningstar
rCold    . . .     Gourm    .   (armour currently unavailable)
rNeg     + + +     Faith    .   c - +0 shield
rPois    +         Spirit   .   (helmet currently unavailable)
rElec    .         Reflect  .   (cloak currently unavailable)
rCorr    .         Harm     .   (gloves currently unavailable)
MR       +....     NoTele   +   (boots currently unavailable)
Stlth    +.........             e - amulet of regeneration
Regen    0.9/turn               k - ring of protection from fire
MPRegen  0.2/turn               O - +6 ring of strength

@: paralysed, tree-form, very slightly contaminated, invisible
A: (retaliatory headbutt), (horns 0)
a: Stomp, Renounce Religion


You were on level 2 of the Orcish Mines.
You worshipped Uskayaw.
Uskayaw was aware of your devotion.
You were hungry.
You were a tree.
You visited 4 branches of the dungeon, and saw 19 of its levels.
You also visited: Sewer and Volcano.

You collected 2045 gold pieces.
You spent 462 gold pieces at shops.

Inventory:

Hand Weapons
 b - a +6 morningstar (weapon)
 K - a +0 whip of venom
Armour
 c - a +0 shield (worn)
 y - a +2 hat of see invisible (melded)
 H - a +0 pair of gloves (melded)
 T - a +0 pair of boots (melded)
 W - a +3 plate armour of cold resistance (melded)
Jewellery
 a - an uncursed ring of poison resistance
 e - an amulet of regeneration (around neck)
 k - a ring of protection from fire (right branch)
 O - a +6 ring of strength (left branch)
Wands
 Q - a wand of digging (15/24)
Scrolls
 g - 6 scrolls of identify
 h - 4 scrolls of blinking
 i - 4 scrolls of teleportation
 j - 3 scrolls of fog
 m - 4 scrolls of fear
 r - 9 scrolls of remove curse
 z - a scroll of recharging {unknown}
 D - a scroll of acquirement
 J - a scroll of random uselessness {unknown}
 L - 3 scrolls of amnesia
 P - a scroll of holy word {unknown}
Potions
 d - 2 potions of might
 l - 2 potions of ambrosia
 o - 2 potions of berserk rage
 s - a potion of degeneration {unknown}
 t - 6 potions of brilliance
 v - 4 potions of agility
 w - 3 potions of curing
 x - 5 potions of flight
 A - a potion of lignification
 B - 3 potions of haste
 N - 2 potions of cancellation
 V - a potion of magic
Books
 C - a book of Conjurations

   Spells                             Type                      Level
   a - Magic Dart                     Conjuration                  1
   b - Searing Ray                    Conjuration                  2
   c - Dazzling Spray                 Conjuration/Hexes            3
   d - Fulminant Prism                Conjuration/Hexes            4
   e - Force Lance                    Conjuration/Translocation    4
   f - Iskenderun's Mystic Blast      Conjuration                  4
Comestibles
 f - 16 bread rations
 n - 17 meat rations
 p - 9 royal jellies
 q - 9 fruits
 E - 5 chunks of flesh


   Skills:
 + Level 13.4 Fighting
 + Level 13.6 Maces & Flails
 + Level 13.7 Armour
 + Level 6.5 Dodging
 + Level 13.6 Shields
 + Level 7.8 Unarmed Combat
 + Level 10.5 Invocations


You had 13 spell levels left.
You didn't know any spells.

Dungeon Overview and Level Annotations

Branches:
Dungeon (10/15)            Temple (1/1) D:4            Lair (6/6) D:8
 Shoals (0/4) Lair:4       Spider (0/4) Lair:4        Slime (0/5) Lair:5
    Orc (2/2) D:9
    Elf: Orc:2

Altars:
Ashenzari
Cheibriados
Dithmenos
Elyvilon
Fedhas
Gozag
Hepliaklqana
Kikubaaqudgha
Makhleb
Nemelex Xobeh
Okawaru
Qazlal
Ru
Sif Muna
Uskayaw
Vehumet
Wu Jian
Xom
Yredelemnul
Zin
The Shining One
Jiyva

Shops:
D:8 *

Annotations:
Lair:5 1 runed door


Innate Abilities, Weirdness & Mutations

((You reflexively headbutt those who attack you in melee.))
((You have a pair of horns on your head.))


Message History

The orc sorcerer gestures at you while chanting.
You suddenly lose the ability to move!
The orc warlord roars a battlecry!
The orcs go into a battle-frenzy!
You hear a horrible gurgling sound!
You hear a shout! x5
The orc high priest no longer looks unusually strong.
The orc sorcerer no longer looks unusually strong.
The orc high priest hits you but does no damage.
Something hits you but does no damage. The orc hits you with a flail.
* * * LOW HITPOINT WARNING * * *
The orc sorcerer points at you and mumbles some strange words.
The bolt of negative energy hits you! You resist.
The orc warlord hits you with a great sword of freezing.
* * * LOW HITPOINT WARNING * * *
The orc warlord freezes you.
* * * LOW HITPOINT WARNING * * *
The chaos spawn gibbers incoherently in a cacophony of voices.
The orc warrior hits you with a flail!
You die...

........#........#
.................#
...........%.....#
.... #...........#
... #........#..#
........#...#
........%.3.#
.......))4o)#
.........oo♣#
..#.......oo#
#.......4ooooo.
..........oo.o..
....##......o...o
.... ##.##.......
... ####.......
##.#.....


You could see an orc warlord, an orc knight, an orc high priest, a neqoxec
(wandering), a chaos spawn, an orc sorcerer, a red devil, 3 orc warriors, 2 orc
priests and 3 orcs.

Vanquished Creatures
  Gastronok (Lair:2)
  Donald (Orc:2)
  A dire elephant (Lair:6)
  Snorg (Lair:4)
  Josephine (Lair:5)
  Erolcha (Orc:2)
  The ghost of crawlisdead the Severer, a journeyman MiBe of Trog (D:8)
  Harold (Lair:1)
  An ogre mage (Orc:1)
  4 hydras
  8 two-headed ogres
  An orc high priest (Orc:2)
  The ghost of MCXD2 the Basher, a novice GrGl of Ashenzari (D:9)
  A hell knight (Volcano)
  A sun demon (Volcano)
  A lindwurm (Lair:6)
  Pikel (D:5)
  2 orc knights (Orc:2)
  2 ugly things (Volcano)
  An orc sorcerer (Orc:2)
  A wolf spider (Lair:6)
  A guardian serpent (Lair:6)
  9 elephants (Lair:5)
  Maurice (D:9)
  16 spiny frogs
  A molten gargoyle (Volcano)
  10 black mambas
  The ghost of Geoffrax the Magician, a novice DgWn (D:5)
  4 komodo dragons
  A red devil (Volcano)
  A troll (D:10)
  A jumping spider (Lair:4)
  9 polar bears (Lair:6)
  5 hornets
  6 dream sheep (Lair:6)
  3 blink frogs (Lair:4)
  9 hippogriffs
  3 raiju (Lair:6)
  10 wyverns
  4 redbacks (Lair:4)
  A basilisk (Lair:6)
  6 fire bats (Volcano)
  4 wraiths (Lair:5)
  18 yaks
  A hungry ghost (D:9)
  Menkaure (D:4)
  4 wargs (Lair:6)
  16 hell hounds
  Duvessa (D:4)
  12 porcupines
  14 orc warriors
  A sky beast (D:6)
  14 water moccasins
  3 ice beasts
  12 black bears
  An eye of draining (D:10)
  An eye of draining (shapeshifter) (D:10)
  4 centaurs
  21 ogres
  2 phantoms
  24 wolves
  17 crocodiles
  4 big kobolds
  13 bullfrogs
  Blork the orc (D:5)
  Dowan (D:4)
  3 scorpions
  10 killer bees
  4 wights (D:9)
  A vampire bat (Lair:6)
  4 electric eels
  3 howler monkeys
  5 crimson imps
  7 hounds
  6 jellies
  A lava snake (Volcano)
  A quasit (D:8)
  2 bullfrog zombies
  16 orc wizards
  A bullfrog skeleton (D:5)
  2 gnoll shamans (D:6)
  11 orc priests
  A centaur skeleton (D:9)
  11 worker ants
  A killer bee zombie (D:7)
  A hound zombie (D:6)
  A hound skeleton (D:10)
  A howler monkey zombie (D:9)
  2 howler monkey skeletons
  11 gnolls
  7 river rats (Sewer)
  19 adders
  3 shadow imps
  3 oozes
  3 adder skeletons
  A worm (D:2)
  3 dart slugs
  6 leopard geckos
  52 orcs
  4 ball pythons
  10 giant cockroaches
  6 hobgoblins
  10 jackals
  3 quokkas
  10 bats
  9 frilled lizards
  2 goblins
  27 kobolds
  A leopard gecko skeleton (D:7)
  A quokka skeleton (D:8)
  23 rats
  A butterfly (Lair:1)
  A fungus (Lair:6)
636 creatures vanquished.

Vanquished Creatures (others)
  4 slaves (D:5)
  An orc priest (D:5)
  An orc (D:5)
  3 jackals (D:6)
  13 fungi
  18 plants (Lair:6)
40 creatures vanquished.

Grand Total: 676 creatures vanquished

Notes
Turn   | Place    | Note
-------+----------+-------------------------------------------
     0 | D:1      | Amciq the Minotaur Fighter began the quest for the Orb.
     0 | D:1      | Reached XP level 1. HP: 19/19 MP: 0/0
   250 | D:1      | Reached XP level 2. HP: 27/27 MP: 1/1
   714 | D:2      | Reached XP level 3. HP: 29/33 MP: 2/2
  1014 | D:2      | Reached XP level 4. HP: 40/40 MP: 3/3
  1030 | D:2      | Found a sparkling altar of Nemelex Xobeh.
  1031 | D:2      | Found a hazy altar of Hepliaklqana.
  1031 | D:2      | Found a burning altar of Makhleb.
  1032 | D:2      | Found an ancient bone altar of Kikubaaqudgha.
  1355 | D:3      | Found an ornate altar of the Wu Jian Council.
  1429 | D:3      | Found an opulent altar of Gozag.
  1473 | D:3      | Found a glowing drain.
  1496 | Sewer    | Entered a sewer
  1532 | Sewer    | Noticed a big kobold
  1540 | Sewer    | Killed a big kobold
  1540 | Sewer    | Reached skill level 5 in Armour
  1540 | Sewer    | Reached XP level 5. HP: 44/47 MP: 4/4
  1799 | Sewer    | Reached skill level 5 in Shields
  1799 | Sewer    | Reached XP level 6. HP: 54/55 MP: 5/5
  1808 | Sewer    | Reached skill level 5 in Fighting
  2890 | D:4      | Reached skill level 5 in Maces & Flails
  2890 | D:4      | Reached XP level 7. HP: 59/61 MP: 6/6
  2964 | D:4      | Found an iron altar of Okawaru.
  2974 | D:4      | Found a staircase to the Ecumenical Temple.
  2983 | Temple   | Entered the Ecumenical Temple
  3233 | Temple   | Became a worshipper of Uskayaw the Reveler
  3325 | D:4      | Reached * piety under Uskayaw
  3348 | D:4      | Noticed Dowan
  3349 | D:4      | Noticed Duvessa
  3359 | D:4      | Reached ** piety under Uskayaw
  3363 | D:4      | Killed Duvessa
  3371 | D:4      | Reached *** piety under Uskayaw
  3372 | D:4      | Killed Dowan
  3372 | D:4      | Reached skill level 1 in Invocations
  3495 | D:4      | Noticed Menkaure
  3505 | D:4      | Killed Menkaure
  3890 | D:5      | Entered Level 5 of the Dungeon
  3958 | D:5      | Found a glowing golden altar of the Shining One.
  3958 | D:5      | Noticed Blork the orc
  3972 | D:5      | Killed Blork the orc
  3972 | D:5      | Reached XP level 8. HP: 39/71 MP: 8/8
  4112 | D:5      | Noticed Pikel
  4113 | D:5      | Noticed a hippogriff
  4116 | D:5      | Noticed Geoffrax's ghost (novice DgWn)
  4130 | D:5      | Killed Pikel
  4286 | D:5      | Killed a hippogriff
  4333 | D:5      | Reached **** piety under Uskayaw
  4334 | D:5      | Killed Geoffrax's ghost
  4334 | D:5      | Reached XP level 9. HP: 48/79 MP: 10/10
  4361 | D:5      | Found a white marble altar of Elyvilon.
  4946 | D:6      | Reached ***** piety under Uskayaw
  4964 | D:6      | Found a sacrificial altar of Ru.
  5581 | D:7      | Paralysed by a hornet for 1 turns
  5586 | D:7      | Reached skill level 5 in Invocations
  5786 | D:7      | Found a white marble altar of Elyvilon.
  6299 | D:8      | Found Sonouhat's General Store.
  6303 | D:8      | Bought a scroll of identify for 22 gold pieces
  6340 | D:8      | Reached XP level 10. HP: 49/90 MP: 12/12
  6493 | D:8      | Noticed crawlisdead's ghost (journeyman MiBe)
  6552 | D:8      | Killed crawlisdead's ghost
  6697 | D:8      | Found a staircase to the Lair.
  7036 | D:8      | Noticed a two-headed ogre
  7043 | D:8      | Killed a two-headed ogre
  7288 | D:9      | Noticed MCXD2's ghost (novice GrGl)
  7339 | D:9      | Killed MCXD2's ghost
  7484 | D:9      | Found a glowing golden altar of the Shining One.
  7784 | D:9      | Found a staircase to the Orcish Mines.
  7925 | D:9      | Noticed Maurice
  7935 | D:9      | Reached skill level 10 in Armour
  7935 | D:9      | Reached skill level 10 in Shields
  7940 | D:9      | Reached XP level 11. HP: 99/99 MP: 11/15
  7978 | D:9      | Killed Maurice
  8155 | D:8      | Bought a +2 plate armour of cold resistance for 440 gold pieces
  8277 | D:9      | Reached skill level 10 in Fighting
  8634 | D:10     | Entered Level 10 of the Dungeon
  8642 | D:10     | Reached skill level 10 in Maces & Flails
  8697 | D:10     | Noticed a two-headed ogre
  8742 | D:10     | Killed a two-headed ogre
  9247 | Lair:1   | Entered Level 1 of the Lair of Beasts
  9400 | Lair:1   | Identified a scroll of acquirement
  9975 | Lair:1   | Noticed Harold
  9987 | Lair:1   | Killed Harold
 10448 | Lair:2   | Noticed Gastronok
 10465 | Lair:2   | Killed Gastronok
 10762 | Lair:2   | Noticed a six-headed hydra
 10767 | Lair:2   | Killed a six-headed hydra
 10808 | Lair:2   | Reached skill level 1 in Unarmed Combat
 11158 | Lair:3   | Reached XP level 12. HP: 110/110 MP: 17/17
 11920 | Lair:4   | Found a hole to the Spider Nest.
 12181 | Lair:4   | Noticed Snorg
 12213 | Lair:4   | Killed Snorg
 12272 | Lair:4   | Found a staircase to the Shoals.
 13160 | Lair:5   | Noticed Josephine
 13171 | Lair:5   | Killed Josephine
 13252 | Lair:5   | Reached ****** piety under Uskayaw
 13263 | Lair:5   | Reached XP level 13. HP: 50/117 MP: 14/18
 13266 | Lair:5   | Reached skill level 1 in Dodging
 13312 | Lair:5   | Found a runed door.
 13313 | Lair:5   | Found a viscous altar of Jiyva.
 13314 | Lair:5   | Noticed an acid blob
 13314 | Lair:5   | Noticed an acid blob
 13315 | Lair:5   | Found a staircase to the Slime Pits.
 13315 | Lair:5   | Noticed an acid blob
 13792 | Lair:6   | Entered Level 6 of the Lair of Beasts
 13833 | Lair:6   | Found a dark tunnel.
 13841 | Volcano  | Entered a volcano
 13883 | Volcano  | Reached skill level 5 in Unarmed Combat
 14016 | Volcano  | Found a radiant altar of Vehumet.
 14170 | Lair:6   | HP: 5/119 [poisoned by a spiny frog]
 14170 | Lair:6   | HP: 2/119 [spiny frog (3)]
 15089 | Lair:6   | Reached XP level 14. HP: 100/127 MP: 20/20
 15114 | Lair:6   | Reached skill level 10 in Invocations
 15119 | Lair:6   | Reached skill level 5 in Dodging
 15991 | Orc:1    | Entered Level 1 of the Orcish Mines
 16518 | Orc:2    | Entered Level 2 of the Orcish Mines
 16667 | Orc:2    | Noticed Donald
 16681 | Orc:2    | Killed Donald
 16861 | Orc:2    | Noticed Erolcha
 16874 | Orc:2    | Killed Erolcha
 16953 | Orc:2    | Noticed an orc warlord
 16973 | Orc:2    | HP: 7/193 [orc high priest/divine providence (14)]
 16977 | Orc:2    | Paralysed by an orc sorcerer for 3 turns
 16978 | Orc:2    | HP: 9/193 [orc warlord/great sword of freezing (2)]
 16979 | Orc:2    | Slain by an orc warrior

Vault maps used:
D:1:      erik_arrival_triangle_huge
D:2:      chequers_temple_overflow_statue_of_worship, minmay_tromino_v7
D:3:      lemuel_crystal_altar, portal_sewer_entry_f, nicolae_gozag_seed_capital
D:4:      okawaru_trees_2, minmay_temple_entry_junction, first_bread,
          uniq_menkaure, uniq_duvessa
D:5:      hangedman_feature_mirror, uniq_pikel, uniq_blork_the_orc
D:6:      kennysheep_big_empty_room, nicolae_ru_great_annihilating_truth
D:7:      elyvilon_altar_4
D:8:      lair_entry_dummy, serial_shops, shop, grunt_ogre_cave,
          kennysheep_small_square
D:9:      tso_metal_star, orc_0_dummy, uniq_maurice
D:10:     serial_glass, glass_columns_a, glass_columns_c, feat_on_display,
          item_on_display_a, item_on_display_a
Temple:   minmay_temple_curvy_branch
Lair:1:   lab_entry_generic, serial_bayou_ford_a, lemuel_fruit_fields,
          uniq_harold
Lair:2:   uniq_gastronok
Lair:3:   grunt_megastairs_2
Lair:4:   shoals_dummy_entry, nicolae_spider_entry_tight_spaces, uniq_snorg
Lair:5:   slime_altar_2, infiniplex_staircase_pool, uniq_josephine
Lair:6:   hangedman_lair_caniforms_friends, hangedman_lair_tendril_chambers,
          enter_volcano_1, st_stairs_8, roderic_batcave
Orc:1:    lemuel_ogre_cave, lightli_orcish_oven
Orc:2:    st_orc_congregation, uniq_erolcha, uniq_donald
Sewer:    sewer_minmay_treatment
Volcano:  volcano_grotto

Skill      XL: |  1  2  3  4  5  6  7  8  9 10 11 12 13 14 |
---------------+-------------------------------------------+-----
Armour         | 4 5 6 7 8 10 11 12 13 | 13.7
Fighting       | 4 5 6 7 8 9 11 12 13 | 13.4
Maces & Flails | 3 4 5 7 8 9 11 12 13 | 13.6
Shields        | 4 5 6 7 8 10 11 12 13 | 13.6
Invocations    | 1 3 5 6 8 9 10 | 10.5
Unarmed Combat | 1 4 6 7 |  7.8
Dodging        | 4 6 |  6.5

Action                   |  1- 3 |  4- 6 |  7- 9 | 10-12 | 13-15 || total
-------------------------+-------+-------+-------+-------+-------++-------
Melee: Flail             |    96 |   227 |   267 |       |       ||   590
       Headbutt          |    14 |    27 |    83 |   184 |   143 ||   451
       Whip              |       |       |    78 |   303 |       ||   381
       Morningstar       |       |       |       |   367 |   645 ||  1012
Invok: Stomp             |       |       |     4 |     6 |     7 ||    17
       Line Pass         |       |       |     2 |     6 |     2 ||    10
       Grand Finale      |       |       |       |       |     3 ||     3
  Use: Scroll            |     3 |     2 |     6 |    15 |     1 ||    27
       Potion            |       |       |     3 |     4 |     9 ||    16
 Stab: Paralysed         |       |       |    11 |    51 |    58 ||   120
       Confused          |       |       |     1 |     2 |     1 ||     4
       Distracted        |       |       |       |       |     1 ||     1
  Eat: Chunk             |       |     7 |    13 |    26 |    16 ||    62
       Fruit             |       |       |       |       |     1 ||     1
Armor: Scale mail        |    37 |   104 |   110 |    51 |       ||   302
       Skin              |       |       |     7 |       |    10 ||    17
       Plate armour      |       |       |       |   197 |   297 ||   494
Dodge: Dodged            |    32 |    78 |   103 |   210 |   230 ||   653
Block: Shield            |    48 |   149 |   175 |   412 |   522 ||  1306
